 Dungeon Crawl Stone Soup version 0.31-a0-95-g6fa058ef04 (webtiles) character file.

Game seed: 12305928034199280684

391 bande the Covered (level 6, 0/39 HPs)
             Began as a Gargoyle Fighter on May 25, 2023.
             Slain by an orc wizard
             ... wielding a +0 dagger
              (3 damage)
             ... on level 5 of the Dungeon.
             The game lasted 00:08:04 (3297 turns).

bande the Covered (Gargoyle Fighter)                Turns: 3297, Time: 00:08:05

Health: 0/39       AC: 11    Str: 19    XL:     6   Next: 80%
Magic:  6/6        EV:  7    Int:  9    God:
Gold:   168        SH:  5    Dex: 11    Spells: 5/5 levels left

rFire   + + .        k - +4 broad axe (flame)
rCold   . . .        c - +1 buckler
rNeg    + . .        h - +0 chain mail
rPois   ∞            i - +0 helmet of Parlour Games {rF+}
rElec   +            (no cloak)
rCorr   .            (no gloves)
SInv    .            (no boots)
Will    +....        (no amulet) Stlth
                     q - ring of protection from fire
HPRegen 0.26/turn    u - ring of willpower
MPRegen 0.10/turn

%: no passive effects
@: corroded
A: sickness immunity, AC +4, negative energy resistance 1, electricity
resistance, torment resistance 1, petrification resistance
a: no special abilities


You were on level 5 of the Dungeon.
You visited 1 branch of the dungeon, and saw 5 of its levels.
You also visited: Sewer.

You collected 168 gold pieces.

Inventory:

Hand Weapons
 a - a +0 war axe
 e - a +0 war axe
 k - a +4 broad axe of flaming (weapon)
Missiles
 r - a throwing net (quivered)
Armour
 c - a +1 buckler (worn)
 h - a +0 chain mail (worn)
 i - the +0 helmet of Parlour Games (worn) {rF+}
   (You took it off Robin on level 2 of the Dungeon)

   rF:        It protects you from fire.
Jewellery
 l - an amulet of magic regeneration
 q - a ring of protection from fire (left hand)
 s - a ring of protection from cold
 u - a ring of willpower (right hand)
Wands
 g - a wand of flame (4)
Scrolls
 f - 2 scrolls of teleportation
 j - a scroll of butterflies
 t - a scroll of identify
Potions
 b - 2 potions of haste
 d - a potion of might
 m - a potion of heal wounds {unknown}
 n - a potion of degeneration {unknown}
 o - a potion of brilliance {unknown}
 p - a potion of attraction {unknown}


   Skills:
 + Level 4.5 Fighting
 + Level 4.3 Axes
 + Level 4.7 Armour
 - Level 0.2 Dodging
 + Level 4.1 Shields
 * Level 0.9 Evocations


You had 5 spell levels left.
You didn't know any spells.
Your spell library contained the following spells:

 Spells                   Type           Power      Damage    Failure   Level
 Sting                    Tmut/Pois      0%         1d3       99%         1
 Poisonous Vapours        Pois/Air       0%         N/A       99%         2
 Gell's Gravitas          Tloc           0%         N/A       100%        3
 Teleport Other           Tloc           0%         N/A       100%        3
 Cause Fear               Hex            0%         N/A       100%        4
 Olgreb's Toxic Radiance  Pois           0%         N/A       100%        4
 Dispersal                Tloc           0%         N/A       100%        6
 Dragon Form              Tmut           0%         N/A       100%        7
 Dragon's Call            Summ           0%         N/A       100%        9


Dungeon Overview and Level Annotations

Branches:
Dungeon (5/15)             Temple (0/1) D:4           Sewer (visited)

Altars:
Makhleb
Zin


Innate Abilities, Weirdness & Mutations

You are immune to sickness and miasma.
Your stone body is resilient. (AC +4)
You are immune to poison.
You resist negative energy. (rN+)
You are resistant to electric shocks. (rElec)
You are resistant to unholy torment.
You are immune to petrification.


Message History

The orc priest mumbles some strange prayers to Beogh against you.
You resist with some effort.
You barely miss the orc priest. You barely miss something. You slash the orc!
You burn the orc.
You kill the orc!
You closely miss the orc. The orc barely misses you.
You hear some strange, mumbled words.
A magic dart appears from out of thin air!
The magic dart hits you but does no damage.
You block the orc priest's attack. You block the orc's attack.
You block the orc priest's attack. Something hits you but does no damage.
You slash the orc priest! You burn the orc priest.
The orc priest is severely wounded.
You closely miss something. You slash the orc! You burn the orc.
You kill the orc!
The orc priest hits you but does no damage.
Something hits you but does no damage.
You hit the orc priest. You burn the orc priest.
The orc priest is severely wounded.
You closely miss something. The orc priest closely misses you.
Something hits you.
The orc priest calls down the wrath of Beogh upon you.
Beogh smites you! The jelly hits you but does no damage.
Something hits you but does no damage.
You barely miss the orc priest.
The orc priest is severely wounded.
You hit something but do no damage. You hit the jelly. You burn the jelly.
Your hands burn!
The orc priest closely misses you. Something hits you but does no damage.
The jelly misses you.
Unknown command.
You barely miss the orc priest.
The orc priest is severely wounded.
You closely miss something. You hit the jelly. You burn the jelly.
Your hands burn!
The orc priest calls down the wrath of Beogh upon you.
You resist with some effort. The jelly hits you. The acid corrodes you!
You are splashed with acid!
* * * LOW HITPOINT WARNING * * *
Something hits you.
You die...

........ .......
####### ###.....#
#...... .'.....#
#)##### #.....# ####)#
#.....# #....#.#
#..Jo{# #...)#.#
#..)@)# #....#.#
#.....# #....#.#
#.....# #....#.#
##.....######....#.#
......[...........#.#
######....####....#'##
#....# #.......##
#....# #.........
#....####.......##


You could see a jelly and an orc priest.

Vanquished Creatures
  An orc priest (D:5)
  Jessica (D:2)
  3 iguanas
  An orc wizard (D:5)
  Robin (D:2)
  4 gnolls (D:3)
  6 adders
  2 river rats (Sewer)
  2 worms (D:3)
  A dart slug (D:1)
  8 orcs
  5 endoplasms
  4 giant cockroaches
  11 goblins
  5 hobgoblins
  6 jackals (D:1)
  2 quokkas (D:3)
  11 ball pythons
  6 bats
  2 frilled lizards
  14 kobolds
  7 rats
103 creatures vanquished.

Notes
Turn   | Place    | Note
-------+----------+-------------------------------------------
     0 | D:1      | bande the Gargoyle Fighter began the quest for the Orb.
     0 | D:1      | Reached XP level 1. HP: 14/14 MP: 1/1
   107 | D:1      | Found a faded altar of an unknown god.
   149 | D:1      | Reached XP level 2. HP: 19/19 MP: 2/2
   322 | D:1      | Reached XP level 3. HP: 22/24 MP: 3/3
   516 | D:2      | Identified the +0 helmet of Parlour Games {rF+}
   516 | D:2      | Noticed Robin
   522 | D:2      | Killed Robin
   569 | D:2      | Reached XP level 4. HP: 28/29 MP: 4/4
   586 | D:2      | Noticed Jessica
   624 | D:2      | Killed Jessica
  1421 | D:3      | Found a glowing drain.
  1435 | Sewer    | Entered a sewer
  1449 | Sewer    | Reached XP level 5. HP: 33/33 MP: 5/5
  2696 | D:4      | Found a staircase to the Ecumenical Temple.
  2705 | D:4      | Found a glowing silver altar of Zin.
  2761 | D:4      | Reached XP level 6. HP: 18/38 MP: 6/6
  2945 | D:4      | Found a burning altar of Makhleb.
  2986 | D:4      | Identified a scroll of acquirement
  2986 | D:4      | Acquired a +4 broad axe of flaming
  3068 | D:5      | Entered Level 5 of the Dungeon
  3297 | D:5      | Slain by an orc wizard

Illustrated notes

Levels and vault maps discovered:
D:1:      noname_arrival_rooms_in_the_neighbourhood, layout_basic,
          chequers_ecumenical_altar_simple
D:2:      layout_loops_ring, uniq_robin, uniq_jessica
D:3:      layout_loops_ring, portal_sewer_entry_f
D:4:      layout_rooms, nicolae_overflow_hidden_temple,
          mainiacjoe_overflow_small_starburst, minmay_temple_entry_from_below_a,
          chequers_serial_rivers_micro_d
D:5:      layout_basic, nicolae_wu_jian_wuxing_cycle

Skill      XL: |  1  2  3  4  5  6 |
---------------+-------------------+-----
Axes           | 2 3 4 |  4.3
Fighting       | 4 |  4.5
Armour         | 4 |  4.7
Shields        | 4 |  4.1
Dodging        | |  0.2
Evocations     | |  0.9

Action                     |  1- 3 |  4- 6 || total
---------------------------+-------+-------++-------
  Melee: War axe           |    96 |   218 ||   314
         Broad axe         |       |    32 ||    32
    Use: Scroll            |       |    10 ||    10
 Armour: Scale mail        |    42 |       ||    42
         Chain mail        |    33 |   173 ||   206
  Dodge: Dodged            |    49 |    88 ||   137
  Block: Buckler           |    25 |    64 ||    89

Table legend: (Time is in decaauts)
 A = Elapsed time spent in this place.
 B = Non-inter-level travel time spent in this place.
 C = Inter-level travel time spent in this place.
 D = Time resting spent in this place.
 E = Time spent auto-exploring this place.
 F = Levels seen in this place.
 G = Mean time per level.
                   A        B        C        D        E       F      G
               +--------+--------+--------+--------+--------+-----+--------+
         Total |   3505 |   3347 |    158 |    239 |   2042 |   6 |  584.2 |
       Dungeon |   3072 |   2914 |    158 |    239 |   1798 |   5 |  614.4 |
         Sewer |    433 |    433 |      0 |      0 |    244 |   1 |  433.0 |
               +--------+--------+--------+--------+--------+-----+--------+

Top non-repeatable levels by time:
     D:3: 1002 daAuts
     D:2: 957 daAuts
     D:1: 490 daAuts
   Sewer: 433 daAuts
     D:4: 380 daAuts
     D:5: 241 daAuts
